PAA
RENO SILVER SOX @ CASPER GHOSTS
08/21/2034
 
TOP OF THE 1ST
Reno Silver Sox batting - Pitching for Casper Ghosts : RHP Roy Bell
Pitching: RHP Roy Bell
Batting: LHB Luis Aranda 0-0: Ball
1-0: Ball
2-0: Swinging Strike
2-1: Foul Ball, location: 2F
2-2: Strikes out swinging
Batting: RHB Spartak Gonjarov 0-0: Called Strike
0-1: Ball
1-1: Swinging Strike
1-2: Ball
2-2: Foul Ball, location: 2F
2-2: Fly out, F4 (Line Drive, 4M)
Batting: RHB Rob Brooks 0-0: Ball
1-0: Swinging Strike
1-1: Swinging Strike
1-2: Strikes out looking
Top of the 1st over - 0 runs, 0 hits, 0 errors, 0 left on base; Reno 0 - Casper 0
BOTTOM OF THE 1ST
Casper Ghosts batting - Pitching for Reno Silver Sox : RHP Jeff Merritt
Pitching: RHP Jeff Merritt
Batting: LHB Ronald Anderson 0-0: Swinging Strike
0-1: Ball
1-1: Ball
2-1: Swinging Strike
2-2: Foul Ball, location: 2F
2-2: Ball
3-2: Base on Balls
Batting: RHB Adrijan Markovski 0-0: Ball
1-0: Fly out, F7 (Line Drive, 7S)
Batting: LHB Marcus Shill 0-0: DOUBLE (Line Drive, 9D)
Ronald Anderson to third
Runner from 3rd tries for Home, SAFE, no throw
Batting: LHB Badry Maksimenov 0-0: Swinging Strike
0-1: Ball
1-1: Swinging Strike
1-2: Foul Ball, location: 2F
1-2: Ball
2-2: Strikes out swinging
Batting: RHB Jeff Mouton 0-0: Fly out, F8 (Flyball, 78M)
Bottom of the 1st over - 1 run, 1 hit, 0 errors, 1 left on base; Reno 0 - Casper 1
TOP OF THE 2ND
Reno Silver Sox batting - Pitching for Casper Ghosts : RHP Roy Bell
Batting: RHB Juan Laguna 0-0: Ball
1-0: Ball
2-0: Ball
3-0: Base on Balls
Batting: RHB Roy Burns 0-0: Foul Ball, location: 2F
0-1: Ball
1-1: Ball
2-1: Ball
3-1: Base on Balls
Juan Laguna to second
Batting: RHB Bartolo Hernández 0-0: Called Strike
0-1: Foul Ball, location: 2F
0-2: Foul Ball, location: 2F
0-2: Foul Ball, location: 2F
0-2: Grounds into double play, 6-4-3 (Groundball, 6)
Juan Laguna to third
Batting: RHB Mark Lizárraga 0-0: Ball
1-0: Fly out, F8 (Flyball, 8RM)
Top of the 2nd over - 0 runs, 0 hits, 0 errors, 1 left on base; Reno 0 - Casper 1
BOTTOM OF THE 2ND
Casper Ghosts batting - Pitching for Reno Silver Sox : RHP Jeff Merritt
Batting: RHB Jur Prokop 0-0: Ball
1-0: Fly out, F9 (Flyball, 89S)
Batting: RHB Steve Weber 0-0: Ball
1-0: Called Strike
1-1: Swinging Strike
1-2: Ball
2-2: Foul Ball, location: 2F
2-2: Ball
3-2: Base on Balls
Batting: RHB José Reyes 0-0: Called Strike
0-1: Called Strike
0-2: Ball
1-2: Reached on error, E4 (Groundball, 4)
Steve Weber to second
Batting: RHB Alfredo López 0-0: Ball
Steve Weber is caught stealing 3rd base
1-0: Ball
2-0: Called Strike
2-1: Foul Ball, location: 2F
2-2: Strikes out swinging
Bottom of the 2nd over - 0 runs, 0 hits, 1 error, 1 left on base; Reno 0 - Casper 1
TOP OF THE 3RD
Reno Silver Sox batting - Pitching for Casper Ghosts : RHP Roy Bell
Batting: RHB Jean Lechuga 0-0: Foul Ball, location: 2F
0-1: Ball
1-1: Called Strike
1-2: Fly out, F9 (Line Drive, 9)
Batting: RHB Armando Romero 0-0: Ground out 4-3 (Groundball, 4M)
Batting: LHB Luis Aranda 0-0: SINGLE (Line Drive, 56D)
Batting: RHB Spartak Gonjarov 0-0: Called Strike
0-1: Called Strike
0-2: Foul Ball, location: 2F
0-2: Ball
1-2: Ball
2-2: Fly out, F8 (Flyball, 8RS)
Top of the 3rd over - 0 runs, 1 hit, 0 errors, 1 left on base; Reno 0 - Casper 1
BOTTOM OF THE 3RD
Casper Ghosts batting - Pitching for Reno Silver Sox : RHP Jeff Merritt
Batting: LHB Ronald Anderson 0-0: Foul Ball, location: 2F
0-1: Ball
1-1: Fly out, F7 (Line Drive, 7)
Batting: RHB Adrijan Markovski 0-0: Swinging Strike
0-1: Ball
1-1: Ball
2-1: SINGLE (Groundball, 6D)
Batting: LHB Marcus Shill 0-0: Foul Ball, location: 2F
0-1: Ball
1-1: Fly out, F7 (Flyball, 7)
Batting: LHB Badry Maksimenov 0-0: Called Strike
0-1: Foul Ball, location: 2F
0-2: Ball
1-2: Ball
2-2: Ball
3-2: Ground out 4-3 (Groundball, 4)
Bottom of the 3rd over - 0 runs, 1 hit, 0 errors, 1 left on base; Reno 0 - Casper 1
TOP OF THE 4TH
Reno Silver Sox batting - Pitching for Casper Ghosts : RHP Roy Bell
Batting: RHB Rob Brooks 0-0: Called Strike
0-1: Ball
1-1: SINGLE (Groundball, 4MD)
Batting: RHB Juan Laguna 0-0: Swinging Strike
0-1: Ball
1-1: SINGLE (Flyball, 89M)
Rob Brooks to second
Runner from 2nd tries for 3rd, SAFE, no throw
Batting: RHB Roy Burns 0-0: Called Strike
Juan Laguna is caught stealing 2nd base
0-1: Ball
1-1: Foul Ball, location: 2F
1-2: Ball
2-2: Ground out 5-3 (Groundball, 56)
Batting: RHB Bartolo Hernández 0-0: SINGLE (Groundball, 6MD)
Rob Brooks scores
Batting: RHB Mark Lizárraga 0-0: Ball
1-0: Ball
2-0: Called Strike
2-1: Ball
3-1: Base on Balls
Bartolo Hernández to second
Batting: RHB Jean Lechuga 0-0: Called Strike
0-1: Foul Ball, location: 2F
0-2: Fielders Choice at 2nd, U6 (Groundball, 6M)
Top of the 4th over - 1 run, 3 hits, 0 errors, 2 left on base; Reno 1 - Casper 1
BOTTOM OF THE 4TH
Casper Ghosts batting - Pitching for Reno Silver Sox : RHP Jeff Merritt
Batting: RHB Jeff Mouton 0-0: Called Strike
0-1: Ball
1-1: Ball
2-1: Fly out, F8 (Flyball, 8LM)
Batting: RHB Jur Prokop 0-0: Called Strike
0-1: Swinging Strike
0-2: Strikes out swinging
Batting: RHB Steve Weber 0-0: Ball
1-0: Ball
2-0: Swinging Strike
2-1: Foul Ball, location: 2F
2-2: Ball
3-2: DOUBLE (Groundball, 3L)
Batting: RHB José Reyes 0-0: Ball
1-0: Fly out, F8 (Flyball, 8LD)
Bottom of the 4th over - 0 runs, 1 hit, 0 errors, 1 left on base; Reno 1 - Casper 1
TOP OF THE 5TH
Reno Silver Sox batting - Pitching for Casper Ghosts : RHP Roy Bell
Batting: RHB Armando Romero 0-0: Foul Ball, location: 2F
0-1: Fly out, F6 (Popup, 6)
Batting: LHB Luis Aranda 0-0: Ball
1-0: Ball
2-0: Ball
3-0: Called Strike
3-1: Base on Balls
Batting: RHB Spartak Gonjarov 0-0: Called Strike
0-1: Called Strike
0-2: Ball
1-2: SINGLE (Groundball, 25) (infield hit)
Luis Aranda to second
Batting: RHB Rob Brooks 0-0: Called Strike
0-1: Ball
1-1: Ball
2-1: 3-RUN HOME RUN (Flyball, 7LD), Distance : 365 ft
Batting: RHB Juan Laguna 0-0: Ball
1-0: Ground out 5-3 (Groundball, 56)
Batting: RHB Roy Burns 0-0: Foul Ball, location: 2F
0-1: Ball
1-1: Swinging Strike
1-2: Ball
2-2: Ground out 5-3 (Groundball, 56S)
Top of the 5th over - 3 runs, 2 hits, 0 errors, 0 left on base; Reno 4 - Casper 1
BOTTOM OF THE 5TH
Casper Ghosts batting - Pitching for Reno Silver Sox : RHP Jeff Merritt
Batting: RHB Alfredo López 0-0: Swinging Strike
0-1: Fly out, F4 (Line Drive, 4)
Batting: LHB Ronald Anderson 0-0: Called Strike
0-1: Fly out, F5 (Popup, 5SF)
Batting: RHB Adrijan Markovski 0-0: Ball
1-0: Called Strike
1-1: SINGLE (Line Drive, 9LS)
Batting: LHB Marcus Shill 0-0: Ball
1-0: Ball
2-0: Called Strike
2-1: Called Strike
2-2: Strikes out looking
Bottom of the 5th over - 0 runs, 1 hit, 0 errors, 1 left on base; Reno 4 - Casper 1
TOP OF THE 6TH
Reno Silver Sox batting - Pitching for Casper Ghosts : RHP Roy Bell
Batting: RHB Bartolo Hernández 0-0: Ball
1-0: Called Strike
1-1: Ball
2-1: Ball
3-1: Base on Balls
Pitching: RHP James Davis
Batting: RHB Mark Lizárraga 0-0: Ball
1-0: Called Strike
1-1: Ball
2-1: Ball
3-1: 2-RUN HOME RUN (Flyball, 9D), Distance : 390 ft
Batting: RHB Jean Lechuga 0-0: Foul Ball, location: 2F
0-1: Ball
1-1: Ball
2-1: Ground out 4-3 (Groundball, 34)
Batting: RHB Armando Romero 0-0: SOLO HOME RUN (Flyball, 7D), Distance : 403 ft
Batting: LHB Luis Aranda 0-0: Fly out, F7 (Flyball, 7)
Batting: RHB Spartak Gonjarov 0-0: Ball
1-0: Ball
2-0: Called Strike
2-1: Called Strike
2-2: Ground out 6-3 (Groundball, 6)
Top of the 6th over - 3 runs, 2 hits, 0 errors, 0 left on base; Reno 7 - Casper 1
BOTTOM OF THE 6TH
Casper Ghosts batting - Pitching for Reno Silver Sox : RHP Jeff Merritt
Batting: LHB Badry Maksimenov 0-0: Swinging Strike
0-1: Swinging Strike
0-2: Foul Ball, location: 2F
0-2: Foul Ball, location: 2F
0-2: Ball
1-2: Ball
2-2: Ball
3-2: Fly out, F9 (Flyball, 9S)
Batting: RHB Jeff Mouton 0-0: Ball
1-0: Called Strike
1-1: Ball
2-1: Foul Ball, location: 2F
2-2: TRIPLE (Flyball, 89XD)
Batting: RHB Jur Prokop 0-0: Ball
1-0: Foul Ball, location: 2F
1-1: Ground out 4-3 (Groundball, 34)
Jeff Mouton scores
Batting: RHB Steve Weber 0-0: Called Strike
0-1: Foul Ball, location: 2F
0-2: Ball
1-2: Ball
2-2: Ball
3-2: Ground out 4-3 (Groundball, 4)
Bottom of the 6th over - 1 run, 1 hit, 0 errors, 0 left on base; Reno 7 - Casper 2
TOP OF THE 7TH
Reno Silver Sox batting - Pitching for Casper Ghosts : RHP James Davis
Batting: RHB Rob Brooks 0-0: Ball
1-0: Called Strike
1-1: Foul Ball, location: 2F
1-2: Ball
2-2: Foul Ball, location: 2F
2-2: Strikes out swinging
Batting: RHB Juan Laguna 0-0: Ball
1-0: Called Strike
1-1: Ball
2-1: Ball
3-1: Base on Balls
Batting: RHB Roy Burns 0-0: Called Strike
0-1: Fly out, F7 (Flyball, 7LM)
Batting: RHB Bartolo Hernández 0-0: Foul Ball, location: 2F
0-1: Called Strike
Juan Laguna is caught stealing 2nd base
Top of the 7th over - 0 runs, 0 hits, 0 errors, 0 left on base; Reno 7 - Casper 2
BOTTOM OF THE 7TH
Casper Ghosts batting - Pitching for Reno Silver Sox : RHP Jeff Merritt
Batting: RHB José Reyes 0-0: Ball
1-0: Called Strike
1-1: Foul Ball, location: 2F
1-2: Ball
2-2: Strikes out swinging
Batting: RHB Alfredo López 0-0: Swinging Strike
0-1: Swinging Strike
0-2: Ball
1-2: Foul Ball, location: 2F
1-2: Foul Ball, location: 2F
1-2: Foul Ball, location: 2F
1-2: Strikes out looking
Batting: LHB Ronald Anderson 0-0: Foul Ball, location: 2F
0-1: Ball
1-1: Swinging Strike
1-2: Ball
2-2: Foul Ball, location: 2F
2-2: Ball
3-2: Foul Ball, location: 2F
3-2: Base on Balls
Pitching: RHP Raúl Valdéz
Batting: RHB Adrijan Markovski 0-0: DOUBLE (Groundball, 3L)
Ronald Anderson to third
Runner from 3rd tries for Home, SAFE, no throw
Batting: LHB Marcus Shill 0-0: Swinging Strike
0-1: Called Strike
0-2: Ball
1-2: Foul Ball, location: 2F
1-2: Foul Ball, location: 2F
1-2: Foul Ball, location: 2F
1-2: Foul Ball, location: 2F
1-2: Ground out 4-3 (Groundball, 4)
Bottom of the 7th over - 1 run, 1 hit, 0 errors, 1 left on base; Reno 7 - Casper 3
TOP OF THE 8TH
Reno Silver Sox batting - Pitching for Casper Ghosts : RHP James Davis
Pitching: LHP Liangde Chien
Batting: RHB Bartolo Hernández 0-0: Foul Ball, location: 2F
0-1: Ball
1-1: Ball
2-1: Swinging Strike
2-2: SINGLE (Line Drive, 56D)
Batting: RHB Mark Lizárraga 0-0: Ball
1-0: Called Strike
1-1: Ball
2-1: Ball
3-1: Called Strike
3-2: Foul Ball, location: 2F
3-2: Foul Ball, location: 2F
3-2: Base on Balls
Bartolo Hernández to second
Batting: RHB Jean Lechuga 0-0: Bunted foul
0-1: Sac Bunt - play at first, batter OUT! 5-4
Bartolo Hernández to third
Mark Lizárraga to second
Batting: RHB Armando Romero 0-0: Intentional Walk
Batting: LHB Luis Aranda 0-0: Ball
1-0: Called Strike
1-1: Called Strike
1-2: Fly out, F7 (Flyball, 7LS)
Runner from 3rd tags up, SCORES, no throw
Batting: RHB Spartak Gonjarov 0-0: SINGLE (Groundball, 34S) (infield hit)
Mark Lizárraga to third
Armando Romero to second
Batting: RHB Rob Brooks 0-0: Swinging Strike
0-1: Ball
1-1: Swinging Strike
1-2: Ball
2-2: Foul Ball, location: 2F
2-2: Strikes out swinging
Top of the 8th over - 1 run, 2 hits, 0 errors, 3 left on base; Reno 8 - Casper 3
BOTTOM OF THE 8TH
Casper Ghosts batting - Pitching for Reno Silver Sox : RHP Raúl Valdéz
Now at 3B: Guillermo Montepeque
Batting: LHB Badry Maksimenov 0-0: Called Strike
0-1: Ball
1-1: Foul Ball, location: 2F
1-2: Foul Ball, location: 2F
1-2: Strikes out swinging
Batting: RHB Jeff Mouton 0-0: Ball
1-0: Ball
2-0: Ball
3-0: Base on Balls
Batting: RHB Jur Prokop 0-0: Ball
1-0: Foul Ball, location: 2F
1-1: Foul Ball, location: 2F
1-2: Strikes out swinging
Batting: RHB Steve Weber 0-0: Ball
1-0: Ball
2-0: Ball
3-0: Called Strike
3-1: Called Strike
3-2: Strikes out swinging, 2-3 out at first.
Bottom of the 8th over - 0 runs, 0 hits, 0 errors, 1 left on base; Reno 8 - Casper 3
TOP OF THE 9TH
Reno Silver Sox batting - Pitching for Casper Ghosts : LHP Liangde Chien
Batting: RHB Juan Laguna 0-0: Swinging Strike
0-1: Swinging Strike
0-2: Foul Ball, location: 2F
0-2: Ball
1-2: Ball
2-2: Strikes out swinging
Batting: RHB Roy Burns 0-0: Ball
1-0: Ball
2-0: Called Strike
2-1: Swinging Strike
2-2: Fly out, F9 (Flyball, 9D)
Batting: RHB Bartolo Hernández 0-0: Called Strike
0-1: Ball
1-1: Called Strike
1-2: Ball
2-2: Ball
3-2: Base on Balls
Batting: RHB Mark Lizárraga 0-0: Foul Ball, location: 2F
0-1: Ball
1-1: Fly out, F9 (Flyball, 89M)
Top of the 9th over - 0 runs, 0 hits, 0 errors, 1 left on base; Reno 8 - Casper 3
BOTTOM OF THE 9TH
Casper Ghosts batting - Pitching for Reno Silver Sox : RHP Raúl Valdéz
Batting: RHB José Reyes 0-0: Called Strike
0-1: Ball
1-1: Swinging Strike
1-2: Strikes out swinging
Batting: RHB Alfredo López 0-0: Swinging Strike
0-1: Ball
1-1: Swinging Strike
1-2: Ball
2-2: Strikes out swinging
Batting: LHB Ronald Anderson 0-0: Called Strike
0-1: DOUBLE (Flyball, 8RXD)
Pinch Runner at 2nd Paco Ríos:
Batting: RHB Adrijan Markovski 0-0: Called Strike
0-1: Ball
1-1: Fly out, F9 (Flyball, 89S)
Bottom of the 9th over - 0 runs, 1 hit, 0 errors, 1 left on base; Reno 8 - Casper 3
Friday, March 29th, 2019 - OOTP Baseball 18.8 Build 76